AoeStats
← Bonea

Oasis

507984431Analyzed
4v4 RM · 11d ago on Sep 20, 2026· 25m 56s· 8 players
Game mode
Random Map
Map size
Large (8 player)
Population
200
Speed
Normal
Resources
Standard
Victory
Conquest
Starting age
Dark Age
Ending age
Imperial Age
RankedLock teamsTeams togetherTeam positionsShared explorationLock speedFull tech treeHidden civsTurbo modeCheats
Victory
Defeat
1305
+16
🇩🇪 Persians · Germany
1296
+17
🇨🇳 Maya · China
1291
+17
🇨🇳 Magyars · China
1290
+17
🇭🇰 Saracens · Hong Kong SAR China
1456
-22
🇨🇳 Jurchens · China
1343
-18
🇮🇳 Georgians · India
1265
-15
🇨🇳 Maya · China
1185
-12
迪恩-伊薩卡-凡爾賽提斯
6:11 Loom
9:07 Feudal Age
10:06 Double-Bit Axe
12:17 Fletching
14:48 Horse Collar
16:51 Padded Archer Armor
23:43 Castle Age
22:25 Gold Mining
23:48 Crossbowman
24:23 Bodkin Arrow
24:39 Bow Saw
26:16 Leather Archer Armor
26:34 Ballistics
psrycc
0:32 Loom
11:30 Feudal Age
18:08 Castle Age
16:54 Double-Bit Axe
17:03 Stone Mining
17:05 Horse Collar
19:31 Wheelbarrow
20:33 Scale Mail Armor
19:57 Eagle Warrior
20:38 Squires
22:51 Chain Mail Armor
23:30 Forging
25:16 Bow Saw
Tsunade
6:12 Loom
8:48 Feudal Age
9:38 Double-Bit Axe
9:33 Horse Collar
16:33 Wheelbarrow
20:44 Castle Age
21:33 Bow Saw
21:38 Bloodlines
21:32 Husbandry
21:38 Scale Barding Armor
23:00 Forging
26:14 Town Watch
Bonea
7:10 Loom
10:14 Feudal Age
14:19 Scale Barding Armor
20:14 Castle Age
19:11 Bloodlines
reuellemos29
12:27 Feudal Age
12:02 Loom
14:05 Double-Bit Axe
17:19 Castle Age
16:10 Loom
大平果是小菜鸡父亲
5:46 Loom
8:35 Feudal Age
12:48 Fletching
14:16 Padded Archer Armor
22:26 Castle Age
20:43 Double-Bit Axe
20:50 Horse Collar
21:22 Gold Mining
22:31 Crossbowman
23:52 Bodkin Arrow
24:38 Leather Archer Armor
一梦千年
9:59 Feudal Age
11:47 Loom
20:24 Fletching
20:35 Padded Archer Armor
rookie
6:11 Loom
10:56 Feudal Age
15:24 Castle Age
13:19 Horse Collar
13:26 Double-Bit Axe
16:00 Bloodlines
23:36 Scale Barding Armor
25:57 Forging
25:50 Husbandry
Connection lost

Rejoining the realm…

Still unreachable

The connection could not be restored.

Session expired

The server has moved on; the page needs a fresh start.